 Dungeon Crawl Stone Soup version 0.30-a0-168-g0b976cbdc4 (webtiles) character file.

Game seed: 5610962030192040397

3068 spiderkeys the Magician (level 9, -1/71 HPs)
             Began as a Gnoll Warper on Sept 29, 2022.
             Slain by Erica
             ... wielding a +2 scimitar of flaming
              (4 damage)
             ... on level 8 of the Dungeon.
             The game lasted 00:16:37 (9146 turns).

spiderkeys the Magician (Gnoll Warper)              Turns: 9146, Time: 00:16:38

Health: -1/71      AC: 11    Str: 10    XL:     9   Next: 88%
Magic:  0/28       EV: 11    Int: 18    God:
Gold:   357        SH:  0    Dex:  9    Spells: 14/22 levels left

rFire   . . .      SeeInvis .    K - +0 spear (flame)
rCold   . . .      Faith    .    (no shield)
rNeg    + + .      Spirit   +    B - +4 ring mail "Forevoat" {Regen+ rCorr MP+9 Dex-2}
rPois   .          Reflect  .    q - +0 helmet
rElec   .          Harm     .    (no cloak)
rCorr   +          Rampage  .    (no gloves)
Will    .....                    (no boots)
Stlth   ++........               G - amulet of guardian spirit
HPRegen 1.01/turn                n - ring of positive energy
MPRegen 0.21/turn                N - ring of positive energy

@: about to teleport
A: fangs 1, strong nose, distributed training
a: no special abilities


You were on level 8 of the Dungeon.
You visited 1 branch of the dungeon, and saw 8 of its levels.

You collected 357 gold pieces.


Innate Abilities, Weirdness & Mutations

You have very sharp teeth.
Your uncanny sense of smell can sniff out nearby items.
Your experience applies equally to all skills.


   Skills:
 + Level 6.7 Fighting
 + Level 4.8 Short Blades
 + Level 4.8 Long Blades
 + Level 4.8 Axes
 + Level 4.8 Maces & Flails
 + Level 6.7 Polearms
 + Level 4.8 Staves
 + Level 4.8 Ranged Weapons
 + Level 5.5 Throwing
 + Level 5.5 Armour
 + Level 6.7 Dodging
 + Level 4.8 Stealth
 + Level 4.8 Shields
 + Level 4.8 Unarmed Combat
 + Level 7.0 Spellcasting
 + Level 4.0 Conjurations
 + Level 4.0 Hexes
 + Level 4.0 Summonings
 + Level 4.0 Necromancy
 + Level 6.8 Translocations
 + Level 4.0 Transmutations
 + Level 4.0 Fire Magic
 + Level 4.0 Ice Magic
 + Level 4.0 Air Magic
 + Level 4.0 Earth Magic
 + Level 4.0 Poison Magic
 + Level 5.3 Invocations
 + Level 4.8 Evocations


You had 14 spell levels left.
You knew the following spells:

 Your Spells              Type           Power      Damage    Failure   Level
b - Blink                 Tloc           62%        N/A       2%          2
l - Lesser Beckoning      Tloc           31%        N/A       4%          3
t - Teleport Other        Tloc           31%        N/A       4%          3

Your spell library contained the following spells:

 Spells                   Type           Power      Damage    Failure   Level
 Foxfire                  Conj/Fire      80%        2x1d8     4%          1
 Slow                     Hex            80%        N/A       4%          1
 Gell's Gravitas          Tloc           31%        N/A       4%          3
 Confusing Touch          Hex            20%        N/A       14%         3
 Inner Flame              Hex/Fire       20%        N/A       14%         3
 Vampiric Draining        Necr           20%        2d7       14%         3
 Manifold Assault         Tloc           31%        N/A       16%         4
 Flame Wave               Conj/Fire      20%        2d7       43%         4
 Sticky Flame             Conj/Fire      20%        2d4       43%         4

Inventory:

Hand Weapons
 K - a +0 spear of flaming (weapon)
   (You took it off a gnoll sergeant on level 4 of the Dungeon)
Missiles
 d - 7 boomerangs of dispersal (quivered) {=f!f}
 h - 70 stones
 k - 8 boomerangs
 o - 48 poisoned darts
Armour
 b - a +0 robe
   (You took it off an orc wizard on level 8 of the Dungeon)
 g - a +0 ring mail
   (You took it off an orc on level 8 of the Dungeon)
 q - a +0 helmet (worn)
   (You found it on level 2 of the Dungeon)
 B - the +4 ring mail "Forevoat" (worn) {Regen+ rCorr MP+9 Dex-2}
   (You took it off a goblin on level 3 of the Dungeon)

   Dex:       It affects your dexterity (-2).
   MP:        It affects your magic capacity (+9).
   Regen:     It increases your rate of health regeneration.
   rCorr:     It protects you from acid and corrosion.
Magical Staves
 M - a staff of poison {!a}
   (You found it on level 4 of the Dungeon)
Jewellery
 f - an amulet of magic regeneration
   (You found it on level 1 of the Dungeon)
 n - a ring of positive energy (left hand)
   (You found it on level 3 of the Dungeon)
 F - a ring of fire
   (You found it on level 7 of the Dungeon)
 G - an amulet of guardian spirit (around neck)
   (You found it on level 6 of the Dungeon)
 N - a ring of positive energy (right hand)
   (You took it off a kobold on level 2 of the Dungeon)
Wands
 v - a wand of roots (21)
   (You took it off Robin on level 2 of the Dungeon)
 y - a wand of acid (12)
   (You found it on level 2 of the Dungeon)
 I - a wand of digging (6)
   (You took it off Natasha on level 3 of the Dungeon)
Scrolls
 a - 2 scrolls of amnesia
 c - 3 scrolls of blinking {!r}
 e - 2 scrolls of identify {@r1}
 l - 2 scrolls of enchant weapon
 m - 6 scrolls of teleportation {@r4}
 s - 2 scrolls of poison {!r}
 x - 2 scrolls of summoning
 C - a scroll of immolation {!r!r}
 E - a scroll of fear
 H - 2 scrolls of magic mapping {!r}
 W - 2 scrolls of fog
Potions
 i - 3 potions of attraction {unknown}
 j - 4 potions of mutation {unknown}
 p - 2 potions of lignification {unknown}
 w - 3 potions of curing {unknown}
 A - a potion of invisibility
 D - a potion of cancellation {unknown}
 J - 2 potions of might
 L - 2 potions of flight {unknown}
 P - 3 potions of degeneration {unknown}
 S - 4 potions of magic {unknown}

Dungeon Overview and Level Annotations

Branches:
Dungeon (8/15) Zot: 26688  Temple (0/1) D:6
   Lair: D:8-11

Altars:
Makhleb
Qazlal
The Shining One

Shops:
D:5 *

Annotations:
D:6 2 runed translucent doors, ragingrage's ghost, weakling DsAr
D:8 Erica

#....###..................>.
####.....###................
#........................
#.#######.....#..........
#.# ####..##....#
#.###....###..#..
#.....#####...# . .
#.....#####.#.#....
#..#.....@{y........
#...#####.######.#..#. #.#
#..# ... # # ##.# ...# ..
.@.y. #.# #(ยงy .# (#. ..


You could see a killer bee.


Message History

You now have 70 max hp (-1).
You take 4 damage, and now have 48/70 hp.
You lost 2 mp, and now have 20/28 mp.
Reach: K) +0 spear (flame)
Press: ? - help, Dir - move target, f/p - necrophage
Aim: a necrophage (heavily damaged, about 36% to evade your +0 spear of flaming)
You hit the necrophage but do no damage.
Your bite misses the necrophage.
You feel sick.
The necrophage closely misses you. ๐Ÿ˜ฎ HP[-1]
You take 1 damage, and now have 47/70 hp.
Reach: K) +0 spear (flame)
Press: ? - help, Dir - move target, f/p - necrophage
Aim: a necrophage (heavily damaged, about 36% to evade your +0 spear of flaming)
You hit the necrophage. You burn the necrophage.
Your punch misses the necrophage.
You bite the necrophage, but do no damage.
You feel sick.
The necrophage hits you. ๐Ÿ˜ฎ HP[-4] MP[-2]
You take 4 damage, and now have 43/70 hp.
You lost 2 mp, and now have 18/28 mp.
Reach: K) +0 spear (flame)
Press: ? - help, Dir - move target, f/p - necrophage
Aim: a necrophage (severely damaged, about 36% to evade your +0 spear of flaming)
You barely miss the necrophage.
You bite the necrophage, but do no damage.
You feel sick. ๐Ÿ˜ฎ MP[+1] Reach: K) +0 spear (flame)
Press: ? - help, Dir - move target, f/p - necrophage
Aim: a necrophage (severely damaged, about 36% to evade your +0 spear of flaming)
You hit the necrophage. You burn the necrophage.
You bite the necrophage, but do no damage.
You feel sick. The necrophage misses you.
Erica mumbles some strange words.
Erica flickers and vanishes!
Deactivating autopickup; reactivate with Ctrl-A.
Reach: K) +0 spear (flame)
Press: ? - help, Dir - move target, f/p - necrophage
Aim: a necrophage (almost destroyed, about 36% to evade your +0 spear of flaming)
You hit the necrophage. You burn the necrophage.
The necrophage hits you but does no damage.
Reach: K) +0 spear (flame)
Press: ? - help, Dir - move target, f/p - necrophage
Aim: a necrophage (almost destroyed, about 36% to evade your +0 spear of flaming)
You hit the necrophage. You burn the necrophage.
You destroy the necrophage!
You feel sick.
Your life force feels restored.
You now have 71 max hp (+1).
Okay, then.
You hit something. You burn something.
You feel sick.
You barely miss something.
You feel sick. Something hits you! Something burns you.
* * * LOW HITPOINT WARNING * * *
๐Ÿ˜จ HP[-9] MP[-4]
You take 9 damage, and now have 34/71 hp.
You lost 4 mp, and now have 15/28 mp.
You hit something but do no damage. Your punch misses something.
Your bite misses something.
Something hits you but does no damage. ๐Ÿ˜จ HP[+1] MP[+1]
You closely miss something.
You feel sick.
You are no longer poisoned.
Something hits you!
* * * LOW HITPOINT WARNING * * *
Something burns you.
* * * LOW HITPOINT WARNING * * *
๐Ÿ˜จ HP[-10] MP[-4]
You take 10 damage, and now have 25/71 hp.
You lost 4 mp, and now have 12/28 mp.
You hit something but do no damage. Your punch misses something.
Something hits you.
* * * LOW HITPOINT WARNING * * *
Something burns you.
* * * LOW HITPOINT WARNING * * *
๐Ÿ˜จ HP[-5] MP[-3]
You take 5 damage, and now have 20/71 hp.
You lost 3 mp, and now have 9/28 mp.
As you read the scroll of teleportation {@r4}, it crumbles to dust.
You feel strangely unstable. Something hits you!
* * * LOW HITPOINT WARNING * * *
Something burns you.
* * * LOW HITPOINT WARNING * * *
๐Ÿ˜ฑ HP[-9] MP[-5]
You take 9 damage, and now have 11/71 hp.
You lost 5 mp, and now have 4/28 mp.
Unknown command.
You barely miss something. ๐Ÿ˜ฑ HP[+1]
You barely miss something. Your bite misses something. Something hits you!
* * * LOW HITPOINT WARNING * * *
Something burns you.
* * * LOW HITPOINT WARNING * * *
๐Ÿ˜ฑ HP[-10] MP[-3]
You take 10 damage, and now have 2/71 hp.
You lost 3 mp, and now have 1/28 mp.
You hit something. You burn something. Your bite misses something.
Something hits you.
You die...

Skill      XL: |  1  2  3  4  5  6  7  8  9 |
---------------+----------------------------+-----
Spellcasting   | 5 6 7 |  7.0
Invocations    | 1 2 3 4 5 |  5.3
Short Blades   | 1 2 3 4 |  4.8
Long Blades    | 1 2 3 4 |  4.8
Axes           | 1 2 3 4 |  4.8
Maces & Flails | 1 2 3 4 |  4.8
Staves         | 1 2 3 4 |  4.8
Ranged Weapons | 1 2 3 4 |  4.8
Stealth        | 1 2 3 4 |  4.8
Shields        | 1 2 3 4 |  4.8
Unarmed Combat | 1 2 3 4 |  4.8
Evocations     | 1 2 3 4 |  4.8
Conjurations   | 1 2 3 4 |  4.0
Hexes          | 1 2 3 4 |  4.0
Summonings     | 1 2 3 4 |  4.0
Necromancy     | 1 2 3 4 |  4.0
Transmutations | 1 2 3 4 |  4.0
Fire Magic     | 1 2 3 4 |  4.0
Ice Magic      | 1 2 3 4 |  4.0
Air Magic      | 1 2 3 4 |  4.0
Earth Magic    | 1 2 3 4 |  4.0
Poison Magic   | 1 2 3 4 |  4.0
Throwing       | 3 4 5 |  5.5
Armour         | 3 4 5 |  5.5
Fighting       | 5 6 |  6.7
Polearms       | 5 6 |  6.7
Dodging        | 5 6 |  6.7
Translocations | 6 |  6.8

Action                   |  1- 3 |  4- 6 |  7- 9 || total
-------------------------+-------+-------+-------++-------
Melee: Spear             |   205 |   233 |   960 ||  1398
       Bite              |    18 |    19 |    81 ||   118
       Punch             |     1 |     9 |    18 ||    28
Throw: Dart              |       |     1 |     3 ||     4
 Cast: Blink             |       |     1 |       ||     1
Evoke: Wand              |       |     6 |     1 ||     7
  Use: Scroll            |     2 |     1 |     7 ||    10
       Potion            |       |     1 |     1 ||     2
 Stab: Sleeping          |     2 |       |     4 ||     6
       Distracted        |       |       |     1 ||     1
Armor: Leather armour    |    32 |       |       ||    32
       Ring mail         |       |    77 |   369 ||   446
Dodge: Dodged            |    94 |    91 |   434 ||   619

Levels and vault maps discovered:
D:1:      dpeg_arrival_houses_and_road, layout_basic,
          ebering_ecumenical_altar_sacrificial, corexii_hall_statues_u,
          hex_intersection
D:2:      layout_basic, uniq_robin
D:3:      layout_basic, nicolae_overflow_ecumenical_swirl,
          kennysheep_generic_room_13, uniq_natasha
D:4:      layout_basic
D:5:      layout_basic, mainiacjoe_overflow_surrounded_room,
          hangedman_abyss_or_decor_jellyfish_corner, nicolae_elemental_shop,
          uniq_blork_the_orc
D:6:      layout_loops_corners, tso_oasis_becter, temple_fountains,
          serial_demonic, serial_demonic_g, serial_demonic_e, serial_demonic_g,
          serial_demonic_b, serial_demonic_f, serial_demonic_c,
          ebering_ghost_disaster_area
D:7:      layout_basic
D:8:      layout_rooms, uniq_erica

Notes
Turn   | Place    | Note
-------+----------+-------------------------------------------
     0 | D:1      | spiderkeys the Gnoll Warper began the quest for the Orb.
     0 | D:1      | Reached XP level 1. HP: 20/20 MP: 6/6
     0 | D:1      | magus.rc [v1.11.3]
   169 | D:1      | Found a faded altar of an unknown god.
   208 | D:1      | Reached XP level 2. HP: 17/26 MP: 7/7
   847 | D:1      | Reached skill level 5 in Spellcasting
   847 | D:1      | Reached XP level 3. HP: 23/31 MP: 7/9
  1377 | D:2      | Reached skill level 1 in Invocations
  1592 | D:2      | Reached skill level 1 in Short Blades
  1592 | D:2      | Reached skill level 1 in Long Blades
  1592 | D:2      | Reached skill level 1 in Axes
  1592 | D:2      | Reached skill level 1 in Maces & Flails
  1592 | D:2      | Reached skill level 1 in Staves
  1592 | D:2      | Reached skill level 1 in Ranged Weapons
  1592 | D:2      | Reached skill level 1 in Stealth
  1592 | D:2      | Reached skill level 1 in Shields
  1592 | D:2      | Reached skill level 1 in Unarmed Combat
  1592 | D:2      | Reached skill level 1 in Evocations
  1936 | D:2      | Noticed Robin
  1957 | D:2      | Reached XP level 4. HP: 35/38 MP: 11/11
  1988 | D:2      | HP: 7/38 [constriction (4)]
  1992 | D:2      | Killed Robin
  1994 | D:2      | HP: 7/38 [something (5)]
  2312 | D:2      | Reached skill level 1 in Conjurations
  2312 | D:2      | Reached skill level 1 in Hexes
  2312 | D:2      | Reached skill level 1 in Summonings
  2312 | D:2      | Reached skill level 1 in Necromancy
  2312 | D:2      | Reached skill level 1 in Transmutations
  2312 | D:2      | Reached skill level 1 in Fire Magic
  2312 | D:2      | Reached skill level 1 in Ice Magic
  2312 | D:2      | Reached skill level 1 in Air Magic
  2312 | D:2      | Reached skill level 1 in Earth Magic
  2312 | D:2      | Reached skill level 1 in Poison Magic
  2480 | D:2      | Learned a level 2 spell: Blink
  2840 | D:3      | Found a faded altar of an unknown god.
  2881 | D:3      | HP: 9/38 [gnoll/+0 spear (4)]
  2892 | D:3      | Identified the +4 ring mail "Forevoat" {Regen+ rCorr MP+9
                  | Dex-2}
  2892 | D:3      | Noticed Natasha
  3226 | D:3      | Reached XP level 5. HP: 39/43 MP: 12/12
  3245 | D:3      | Killed Natasha
  3246 | D:3      | Reached skill level 3 in Throwing
  3246 | D:3      | Reached skill level 3 in Armour
  3723 | D:3      | Noticed Natasha
  3746 | D:3      | Killed Natasha
  3754 | D:3      | Noticed Natasha
  3765 | D:3      | Killed Natasha
  3766 | D:3      | Reached skill level 2 in Invocations
  3915 | D:3      | Found a stormy altar of Qazlal.
  3970 | D:4      | Reached XP level 6. HP: 50/50 MP: 13/13
  3980 | D:4      | Reached skill level 5 in Fighting
  3980 | D:4      | Reached skill level 2 in Short Blades
  3980 | D:4      | Reached skill level 2 in Long Blades
  3980 | D:4      | Reached skill level 2 in Axes
  3980 | D:4      | Reached skill level 2 in Maces & Flails
  3980 | D:4      | Reached skill level 5 in Polearms
  3980 | D:4      | Reached skill level 2 in Staves
  3980 | D:4      | Reached skill level 2 in Ranged Weapons
  3980 | D:4      | Reached skill level 5 in Dodging
  3980 | D:4      | Reached skill level 2 in Stealth
  3980 | D:4      | Reached skill level 2 in Shields
  3980 | D:4      | Reached skill level 2 in Unarmed Combat
  3980 | D:4      | Reached skill level 2 in Evocations
  4315 | D:4      | Noticed an ice beast
  4413 | D:4      | Killed an ice beast
  4414 | D:4      | Reached XP level 7. HP: 43/56 MP: 15/15
  4637 | D:4      | Reached skill level 2 in Conjurations
  4637 | D:4      | Reached skill level 2 in Hexes
  4637 | D:4      | Reached skill level 2 in Summonings
  4637 | D:4      | Reached skill level 2 in Necromancy
  4637 | D:4      | Reached skill level 2 in Transmutations
  4637 | D:4      | Reached skill level 2 in Fire Magic
  4637 | D:4      | Reached skill level 2 in Ice Magic
  4637 | D:4      | Reached skill level 2 in Air Magic
  4637 | D:4      | Reached skill level 2 in Earth Magic
  4637 | D:4      | Reached skill level 2 in Poison Magic
  4695 | D:4      | You pick up a book of Flames and begin reading...
  4695 | D:4      | You add the spells Foxfire, Inner Flame, Sticky Flame and
                  | Flame Wave to your library.
  4986 | D:5      | Entered Level 5 of the Dungeon
  5256 | D:5      | Found Souck's Elemental Accessories.
  5278 | D:5      | Reached skill level 3 in Invocations
  5415 | D:5      | Found a burning altar of Makhleb.
  5423 | D:5      | Reached skill level 6 in Translocations
  5428 | D:5      | Reached skill level 3 in Short Blades
  5428 | D:5      | Reached skill level 3 in Long Blades
  5428 | D:5      | Reached skill level 3 in Axes
  5428 | D:5      | Reached skill level 3 in Maces & Flails
  5428 | D:5      | Reached skill level 3 in Staves
  5428 | D:5      | Reached skill level 3 in Ranged Weapons
  5428 | D:5      | Reached skill level 4 in Throwing
  5428 | D:5      | Reached skill level 4 in Armour
  5428 | D:5      | Reached skill level 3 in Stealth
  5428 | D:5      | Reached skill level 3 in Shields
  5428 | D:5      | Reached skill level 3 in Unarmed Combat
  5428 | D:5      | Reached skill level 3 in Evocations
  5428 | D:5      | Reached XP level 8. HP: 50/63 MP: 16/16
  5703 | D:5      | Reached skill level 6 in Spellcasting
  5776 | D:5      | Noticed Blork the orc
  5789 | D:5      | Killed Blork the orc
  6187 | D:6      | HP: 14/64 [orc priest/divine providence (10)]
  6192 | D:6      | HP: 11/64 [orc priest/divine providence (7)]
  6268 | D:6      | Found a glowing golden altar of the Shining One.
  6646 | D:6      | Reached skill level 4 in Invocations
  6664 | D:6      | Reached skill level 3 in Conjurations
  6664 | D:6      | Reached skill level 3 in Hexes
  6664 | D:6      | Reached skill level 3 in Summonings
  6664 | D:6      | Reached skill level 3 in Necromancy
  6664 | D:6      | Reached skill level 3 in Transmutations
  6664 | D:6      | Reached skill level 3 in Fire Magic
  6664 | D:6      | Reached skill level 3 in Ice Magic
  6664 | D:6      | Reached skill level 3 in Air Magic
  6664 | D:6      | Reached skill level 3 in Earth Magic
  6664 | D:6      | Reached skill level 3 in Poison Magic
  6726 | D:6      | Reached skill level 6 in Fighting
  6726 | D:6      | Reached skill level 6 in Polearms
  6726 | D:6      | Reached skill level 6 in Dodging
  6730 | D:6      | HP: 15/64 [gnoll/+0 halberd (5)]
  6730 | D:6      | HP: 6/64 [gnoll/+0 halberd (9)]
  7085 | D:6      | Found a large runed translucent door.
  7086 | D:6      | Found a large runed translucent door.
  7089 | D:6      | Noticed ragingrage's ghost (weakling DsAr)
  7131 | D:6      | Learned a level 3 spell: Lesser Beckoning
  7135 | D:6      | Learned a level 3 spell: Teleport Other
  7145 | D:6      | Reached XP level 9. HP: 69/69 MP: 18/18
  7201 | D:6      | Reached skill level 4 in Short Blades
  7201 | D:6      | Reached skill level 4 in Long Blades
  7201 | D:6      | Reached skill level 4 in Axes
  7201 | D:6      | Reached skill level 4 in Maces & Flails
  7201 | D:6      | Reached skill level 4 in Staves
  7201 | D:6      | Reached skill level 4 in Ranged Weapons
  7201 | D:6      | Reached skill level 4 in Stealth
  7201 | D:6      | Reached skill level 4 in Shields
  7201 | D:6      | Reached skill level 4 in Unarmed Combat
  7201 | D:6      | Reached skill level 4 in Evocations
  7461 | D:6      | Reached skill level 5 in Throwing
  7461 | D:6      | Reached skill level 5 in Armour
  7547 | D:6      | Found a staircase to the Ecumenical Temple.
  8286 | D:7      | Reached skill level 5 in Invocations
  8861 | D:8      | Reached skill level 7 in Spellcasting
  9027 | D:8      | Reached skill level 4 in Conjurations
  9027 | D:8      | Reached skill level 4 in Hexes
  9027 | D:8      | Reached skill level 4 in Summonings
  9027 | D:8      | Reached skill level 4 in Necromancy
  9027 | D:8      | Reached skill level 4 in Transmutations
  9027 | D:8      | Reached skill level 4 in Fire Magic
  9027 | D:8      | Reached skill level 4 in Ice Magic
  9027 | D:8      | Reached skill level 4 in Air Magic
  9027 | D:8      | Reached skill level 4 in Earth Magic
  9027 | D:8      | Reached skill level 4 in Poison Magic
  9087 | D:8      | You pick up a book of Debilitation and begin reading...
  9087 | D:8      | You add the spells Slow, Vampiric Draining and Confusing
                  | Touch to your library.
  9120 | D:8      | Noticed Erica
  9143 | D:8      | HP: 14/71 [something (7)]
  9145 | D:8      | HP: 4/71 [something (9)]
  9146 | D:8      | Slain by Erica

Vanquished Creatures
  A wyvern (D:8)
  2 water moccasins (D:7)
  A sky beast (D:7)
  An ice beast (D:4)
  2 black bears (D:5)
  2 ogres
  A centaur (D:6)
  2 phantoms (D:6)
  3 kobold brigands
  4 bullfrogs
  Blork the orc (D:5)
  A gnoll sergeant (D:4)
  2 necrophages
  2 scorpions (D:5)
  3 wights (D:7)
  A quasit (D:6)
  4 hounds
  4 jellies
  2 orc priests
  2 iguanas
  4 orc wizards
  Natasha (thrice) (D:3)
  Robin (D:2)
  12 gnolls
  7 adders
  5 shadow imps
  3 white imps (D:6)
  An ufetubus (D:6)
  A worm (D:2)
  2 dart slugs
  31 orcs
  5 ball pythons
  6 endoplasms
  A giant cockroach (D:1)
  16 goblins
  9 hobgoblins
  3 jackals (D:1)
  21 kobolds
  4 quokkas
  4 bats
  5 frilled lizards
  8 rats
193 creatures vanquished.

Vanquished Creatures (others)
  5 demonic plants (D:6)
5 creatures vanquished.

Grand Total: 198 creatures vanquished

Table legend:
 A = Non-vault XP
 B = Vault XP
 C = Vault XP percentage of total XP
 D = Non-vault monster count
 E = Vault monster count
 F = Vault count percentage of total count
                 A         B        C        D         E       F
            +---------+---------+-------+---------+---------+-------
      Total |    4115 |     268 |   6.1 |     171 |      22 |  11.4
            +---------+---------+-------+---------+---------+-------
        D:1 |      44 |       0 |   0.0 |      26 |       0 |   0.0
        D:2 |      50 |      35 |  41.2 |      16 |      12 |  42.9
        D:3 |     195 |      36 |  15.6 |      22 |       2 |   8.3
        D:4 |     350 |       0 |   0.0 |      20 |       0 |   0.0
        D:5 |     751 |      90 |  10.7 |      22 |       1 |   4.3
        D:6 |    1294 |     107 |   7.6 |      34 |       7 |  17.1
        D:7 |     988 |       0 |   0.0 |      19 |       0 |   0.0
        D:8 |     443 |       0 |   0.0 |      12 |       0 |   0.0
            +---------+---------+-------+---------+---------+-------

Illustrated notes

Table legend:
 A = Kills in this place as a percentage of kills in entire the game.
 B = Kills by you in this place as a percentage of kills by you in the entire game.
 C = Kills by friends in this place as a percentage of kills by friends in the entire game.
 D = Other kills in this place as a percentage of other kills in the entire game.
 E = Experience gained in this place as a percentage of experience gained in the entire game.
 F = Experience gained in this place divided by the number of levels of this place that you have seen.
                   A       B       C       D       E      F
               +-------+-------+-------+-------+-------+----------------------
         Total | 100.0 | 100.0 |   N/A |   N/A | 100.0 | 547.9
       Dungeon | 100.0 | 100.0 |   N/A |   N/A | 100.0 | 547.9
               +-------+-------+-------+-------+-------+----------------------

Table legend: (Time is in decaauts)
 A = Elapsed time spent in this place.
 B = Non-inter-level travel time spent in this place.
 C = Inter-level travel time spent in this place.
 D = Time resting spent in this place.
 E = Time spent auto-exploring this place.
 F = Levels seen in this place.
 G = Mean time per level.
                   A        B        C        D        E       F      G
               +--------+--------+--------+--------+--------+-----+--------+
         Total |   8914 |   8652 |    262 |    718 |   5991 |   8 | 1114.2 |
       Dungeon |   8914 |   8652 |    262 |    718 |   5991 |   8 | 1114.2 |
               +--------+--------+--------+--------+--------+-----+--------+

Top non-repeatable levels by time:
     D:6: 1628 daAuts
     D:2: 1610 daAuts
     D:1: 1336 daAuts
     D:3: 1131 daAuts
     D:5: 1099 daAuts
     D:7: 931 daAuts
     D:4: 866 daAuts
     D:8: 311 daAuts
